 Dungeon Crawl Stone Soup version 0.18.1-1-g2f07953 (webtiles) character file.

175357 oplop the Transmogrifier (level 18, -9/124 HPs)
             Began as an Octopode Transmuter on May 5, 2016.
             Was the Champion of Cheibriados.
             Mangled by a spark wasp (27 damage)
             ... on level 4 of the Spider Nest on May 6, 2016.
             The game lasted 02:29:33 (35929 turns).

oplop the Transmogrifier (Octopode Transmuter)     Turns: 35929, Time: 02:29:34

Health: -9/124     AC:  1    Str: 27    XL:     18   Next: 9%
Magic:  26/41      EV: 30    Int: 30    God:    Cheibriados [******]
Gold:   2156       SH:  0    Dex: 34    Spells: 9 memorised, 10 levels left

rFire  . . .     SeeInvis +       - Unarmed
rCold  + . .     Gourm    .     (no shield)
rNeg   . . .     Faith    .     (helmet restricted)
rPois  .         Spirit   .     (no amulet)
rElec  +         Dismiss  .     R - ring "Xacvewoemm" {SustAt rElec Str+3 Int-5 Dex+3}
rCorr  +         Reflect  .     W - ring of magical power
SustAt +         Harm     .     p - +3 ring of evasion
MR     +....                    E - ring of see invisible
Stlth  +++++.....               y - ring of stealth
                                O - ring of protection from cold
                                (no ring)
                                V - ring of resist corrosion

@: repel missiles, very slow, somewhat resistant to hostile enchantments, quite
stealthy
A: almost no armour, amphibious, 8 rings, constrict 8, camouflage 1, gelatinous
body 1
a: Bend Time, Temporal Distortion, Slouch, Step From Time, Renounce Religion


You were on level 4 of the Spider Nest.
You worshipped Cheibriados.
Cheibriados was exalted by your worship.
You were not hungry.

You visited 5 branches of the dungeon, and saw 30 of its levels.
You also visited: Labyrinth and Ice Cave.

You collected 2771 gold pieces.
You spent 615 gold pieces at shops.

Inventory:

Hand Weapons
 F - a +0 blowgun
Missiles
 G - 7 curare-tipped needles
 H - 284 arrows
Armour
 v - the +0 buckler of Ofenlim {rC+ Stlth+}
   (You acquired it on level 1 of the Lair of Beasts)

   It protects you from cold.
   It makes you more stealthy.
Magical Staves
 K - an uncursed staff of cold
 N - an uncursed staff of wizardry
Rods
 S - a +3 rod of ignition (9/9)
   (You found it in a labyrinth)
Jewellery
 p - a +3 ring of evasion (on tentacle)
 y - a ring of stealth (on tentacle)
 E - a ring of see invisible (on tentacle)
 O - a ring of protection from cold (on tentacle)
 R - the ring "Xacvewoemm" (left tentacle) {SustAt rElec Str+3 Int-5 Dex+3}
   (You found it in a labyrinth)

   [ring of sustain attributes]

   It sustains your strength, intelligence and dexterity.
   It affects your strength (+3).
   It affects your intelligence (-5).
   It affects your dexterity (+3).
   It insulates you from electricity.
 T - an uncursed ring of ice
 V - a ring of resist corrosion (on tentacle)
 W - a ring of magical power (right tentacle)
 Z - an uncursed ring of fire
Wands
 a - a wand of iceblast (5/15)
 f - a wand of digging (0/24)
 m - a wand of lightning (10/15)
 t - a wand of iceblast (12/15)
 M - a wand of teleportation (2/9)
 Q - a wand of teleportation (2/9)
 X - a wand of iceblast (0/15)
Scrolls
 d - 5 scrolls of identify
 e - 5 scrolls of fog
 i - a scroll of immolation
 j - 4 scrolls of teleportation
 l - 3 scrolls of blinking
 o - 6 scrolls of remove curse
 q - 2 scrolls of enchant armour
 s - 8 scrolls of enchant weapon
 u - 2 scrolls of recharging
 I - a scroll of amnesia
 P - 3 scrolls of magic mapping
Potions
 b - a potion of heal wounds
 g - 5 potions of agility
 h - a potion of cure mutation
 r - 7 potions of might
 w - 2 potions of magic
 z - 8 potions of ambrosia
 A - 4 potions of lignification
 B - 3 potions of cancellation
 D - 2 potions of flight
 J - 3 potions of brilliance
 L - 7 potions of curing
 Y - 2 potions of resistance
Books
 U - a book of Burglary

   Spells                             Type                      Level
   a - Swiftness                      Charms/Air                   2
   b - Passwall                       Transmutation/Earth          2
   c - Passage of Golubria            Translocation                4
   d - Lee's Rapid Deconstruction     Earth                        5
   e - Darkness                       Hexes                        6
   f - Invisibility                   Hexes                        6
Comestibles
 c - 11 bread rations
 k - 7 meat rations
 C - 15 fruits


   Skills:
 - Level 11.5 Fighting
 - Level 11.0 Dodging
 - Level 4.2 Shields
 - Level 11.7 Unarmed Combat
 + Level 10.6 Spellcasting
 - Level 2.6 Charms
 - Level 4.2 Translocations
 * Level 14.4 Transmutations
 - Level 4.1 Ice Magic
 * Level 6.9 Air Magic
 * Level 11.3 Earth Magic
 - Level 11.9 Invocations


You had 10 spell levels left.
You knew the following spells:

 Your Spells              Type           Power        Failure   Level  Hunger
a - Statue Form           Trmt/Erth      #######..    2%          6    #####..
b - Spider Form           Trmt/Pois      ######....   1%          3    None
c - Ice Form              Ice/Trmt       ######..     1%          4    None
d - Blade Hands           Trmt           #######...   1%          5    ###....
e - Repel Missiles        Chrm/Air       #####.       1%          2    None
f - Blink                 Tloc           N/A          1%          2    None
g - Summon Butterflies    Summ           ###.....     3%          1    None
h - Ozocubu's Armour      Chrm/Ice       #####...     2%          3    None
i - Sticks to Snakes      Trmt           #######.     0%          2    None


Dungeon Overview and Level Annotations

Branches:
Dungeon (15/15)            Temple (1/1) D:6            Lair (8/8) D:8
 Shoals (0/4) Lair:5       Spider (4/4) Lair:3        Slime (0/6) Lair:8
    Orc (2/2) D:12            Elf (0/3) Orc:2        Vaults (0/5) D:14
 Depths (0/5) D:15

Altars:
Ashenzari
Cheibriados
Dithmenos
Elyvilon
Fedhas
Gozag
Makhleb
Okawaru
Pakellas
Qazlal
Ru
Sif Muna
Trog
Vehumet
Xom
Yredelemnul
The Shining One
Beogh

Shops:
D:9 :   D:10 (   D:15 [(%[   Orc:2 *((}

Annotations:
D:5 exclusion: ogre
D:13 Urug
Lair:8 exclusions: catoblepas and 2 oklob plants


Innate Abilities, Weirdness & Mutations

You cannot wear most types of armour.
You are amphibious.
You can wear up to eight rings at the same time.
You can use your tentacles to constrict eight enemies at once.
Your skin changes colour to match your surroundings (Stealth).
Your rubbery body absorbs attacks (AC +1).


Message History

You kill the redback!
Cheibriados thoroughly appreciates the change of pace.
You kill your water moccasin!
You kill your adder!
You feel somewhat more hungry.
Unknown command.
Unknown command.
Unknown command.
You start resting.
A spark wasp comes into view.
You see here a hornet corpse.
You see here a wolf spider corpse.
The spark wasp buzzes angrily.
You can feel time thicken for a moment.
You feel somewhat more hungry.
Unknown command.
Unknown command.
The flow of time bends around you.
Cheibriados rebukes the spark wasp.
The spark wasp seems to slow down.
You feel slightly more hungry. The spark wasp stings you!!
You die...

#...#.# ......#
##.....##.......
#......#........
......#.......#
#!...#......#
##...........#
#.........#%^#####
#..@y..†....†^^.^.
#.^.####....†....^..
### #.#....†††...^..
###.##...†^†..≈... ...
#....#...[††...### ...
#.............^...
....#.........†.^†....
....##................
#^.^.##.†.........^...


You could see a spark wasp.

Vanquished Creatures
  Saint Roka (Orc:2)
  An Ice Fiend (IceCv)
  Gastronok (D:9)
  3 emperor scorpions
  An orc warlord (Orc:2)
  3 ghost moths
  A stone giant (Orc:2)
  An ettin (D:15)
  2 ogre magi
  A minotaur (Lab)
  Erolcha (Orc:1)
  5 hydras
  3 entropy weavers
  Erica (D:9)
  3 centaur warriors
  2 dancing weapons (D:14)
  2 tengu warriors
  The ghost of imoen the Grappler, a journeyman VSMo of Cheibriados (D:11)
  4 orc high priests (Orc:2)
  A deep elf knight (D:15)
  Nergalle (Lair:3)
  A fire crab (Lair:8)
  5 skeletal warriors (D:15)
  4 unseen horrors
  A deep elf archer (D:15)
  6 hill giants
  8 orb spiders
  A deep elf mage (D:12)
  6 orc knights
  2 wolf spider zombies
  3 hornets
  7 orc sorcerers
  5 ugly things
  27 wolf spiders
  2 griffons
  3 manticores
  3 cyclopes
  A moth of wrath (Spider:2)
  5 black mambas
  25 elephants
  3 centaur zombies
  A torpor snail (Spider:1)
  2 gargoyles
  A spiny frog (shapeshifter) (D:15)
  17 spiny frogs
  A centaur skeleton (D:7)
  3 freezing wraiths (IceCv)
  2 kobold demonologists
  8 komodo dragons
  6 ice devils (IceCv)
  16 demonic crawlers
  3 anaconda simulacra (IceCv)
  A tengu conjurer (D:14)
  30 jumping spiders
  12 trolls
  A polar bear (Lair:4)
  9 two-headed ogres
  A wolf spider simulacrum (IceCv)
  A harpy skeleton (D:15)
  3 boulder beetles
  12 slime creatures
  20 blink frogs
  79 redbacks
  2 vampires
  3 shadows
  A dire elephant simulacrum (IceCv)
  4 wyverns
  38 tarantellas
  60 yaks
  A hog (shapeshifter) (D:14)
  11 hippogriffs
  2 basilisks
  4 hungry ghosts
  11 vampire mosquitoes (D:15)
  An iron troll simulacrum (IceCv)
  5 harpy simulacra (IceCv)
  5 hydra simulacra (IceCv)
  4 wargs
  14 water moccasins
  10 porcupines
  5 ice beasts
  4 black bears
  5 sky beasts
  A wasp (Spider:3)
  24 ogres
  49 orc warriors
  20 wolves
  19 centaurs
  29 crocodiles
  2 big kobolds
  36 giant frogs
  4 scorpions
  A wyvern skeleton (D:9)
  17 killer bees
  An elephant simulacrum (IceCv)
  A swamp dragon simulacrum (IceCv)
  8 wights
  A howler monkey (D:12)
  4 electric eels
  15 crimson imps
  3 giant frog zombies
  2 jellies
  A quasit (D:6)
  14 hounds
  A wasp zombie (D:11)
  2 draconian simulacra (IceCv)
  42 orc priests
  33 orc wizards
  4 giant frog skeletons
  Natasha (thrice) (D:2 D:4)
  10 iguanas
  A spriggan simulacrum (IceCv)
  2 polar bear simulacra (IceCv)
  11 worker ants
  A killer bee zombie (D:8)
  15 sheep
  2 troll simulacra (IceCv)
  A hound zombie (D:5)
  A hound skeleton (D:11)
  A howler monkey zombie (D:9)
  A worker ant zombie (D:7)
  10 gnolls
  4 naga simulacra (IceCv)
  34 river rats
  10 adders
  A howler monkey skeleton (D:4)
  An ogre simulacrum (IceCv)
  A shadow imp (D:9)
  6 white imps (IceCv)
  5 ufetubi (IceCv)
  An ooze (D:3)
  3 worms
  2 dart slugs
  6 giant geckos
  150 orcs
  A ball python (D:2)
  5 bats
  7 giant cockroaches
  7 hobgoblins
  12 jackals
  10 kobolds
  4 quokkas
  A giant cockroach zombie (D:5)
  A giant gecko skeleton (D:8)
  A giant newt (D:4)
  5 goblins
  A jackal zombie (D:5)
  A quokka skeleton (D:4)
  8 rats
  2 fungi
  2 plants
1261 creatures vanquished.

Vanquished Creatures (collateral kills)
  A spark wasp (Spider:4)
  8 orb spiders
  2 jumping spiders
  7 redbacks
  A tarantella (Spider:4)
19 creatures vanquished.

Vanquished Creatures (others)
  An orc warrior (Orc:2)
  25 fungi
  13 plants
39 creatures vanquished.

Grand Total: 1319 creatures vanquished

Notes
Turn   | Place    | Note
--------------------------------------------------------------
     0 | D:1      | oplop the Octopode Transmuter began the quest for the Orb.
     0 | D:1      | Reached XP level 1. HP: 13/13 MP: 3/3
   112 | D:1      | Reached XP level 2. HP: 15/18 MP: 5/5
   526 | D:2      | Reached XP level 3. HP: 18/23 MP: 7/7
   555 | D:2      | Noticed Natasha
   564 | D:2      | Killed Natasha
   564 | D:2      | Reached skill level 3 in Transmutations
   962 | D:2      | Found a shimmering altar of Xom.
   992 | D:2      | Reached XP level 4. HP: 24/28 MP: 6/8
  1030 | D:2      | Found an iron altar of Okawaru.
  1115 | D:2      | Found a radiant altar of Vehumet.
  1962 | D:3      | Reached XP level 5. HP: 33/33 MP: 8/10
  2080 | D:3      | Found an oddly glowing altar of Pakellas.
  2395 | D:2      | Learned a level 3 spell: Spider Form
  2922 | D:3      | Reached skill level 4 in Transmutations
  3393 | D:3      | Reached XP level 6. HP: 35/39 MP: 8/12
  3472 | D:4      | Noticed Natasha
  3508 | D:4      | Killed Natasha
  3907 | D:4      | Found a deep blue altar of Sif Muna.
  4122 | D:4      | Learned a level 4 spell: Ice Form
  4741 | D:4      | Noticed a black bear
  4742 | D:4      | Noticed Natasha
  4757 | D:4      | Killed Natasha
  4757 | D:4      | Reached XP level 7. HP: 29/45 MP: 9/13
  4914 | D:4      | Reached skill level 1 in Ice Magic
  5445 | D:5      | Entered Level 5 of the Dungeon
  5551 | D:4      | Reached skill level 5 in Transmutations
  6212 | D:5      | Reached skill level 5 in Spellcasting
  6224 | D:5      | Reached XP level 8. HP: 36/51 MP: 13/15
  6357 | D:5      | Found a shattered altar of Ashenzari.
  6613 | D:6      | Found a staircase to the Ecumenical Temple.
  6811 | D:6      | Reached skill level 6 in Transmutations
  7195 | D:6      | Found a bloodstained altar of Trog.
  7469 | D:6      | Reached skill level 7 in Transmutations
  7486 | D:6      | Reached XP level 9. HP: 41/55 MP: 12/17
  7490 | D:6      | Reached skill level 5 in Unarmed Combat
  7735 | Temple   | Entered the Ecumenical Temple
  7788 | Temple   | Became a worshipper of Cheibriados the Contemplative
  8332 | D:7      | Reached skill level 1 in Invocations
  8483 | D:7      | Reached * piety under Cheibriados
  8483 | D:7      | Reached skill level 8 in Transmutations
  8943 | D:7      | Learned a level 5 spell: Blade Hands
  9468 | D:8      | Reached XP level 10. HP: 63/63 MP: 14/19
  9520 | D:8      | Got an ancient whip
  9524 | D:8      | Identified the +5 whip "Puol" {holy, Dex+2} (You found it on level 8 of the Dungeon)
  9589 | D:8      | Reached ** piety under Cheibriados
  9947 | D:8      | Found a staircase to the Lair.
  9954 | D:8      | Reached skill level 9 in Transmutations
 10430 | D:9      | Noticed Erica
 10791 | D:9      | Found a blossoming altar of Fedhas.
 10810 | D:9      | Killed Erica
 11139 | D:9      | Reached *** piety under Cheibriados
 11206 | D:9      | Reached skill level 5 in Fighting
 11901 | D:9      | Noticed Gastronok
 11915 | D:9      | Killed Gastronok
 11915 | D:9      | Reached skill level 5 in Dodging
 11915 | D:9      | Reached skill level 5 in Invocations
 11915 | D:9      | Reached XP level 11. HP: 33/72 MP: 12/20
 12325 | D:9      | Found Kiku's Book Boutique.
 12390 | D:10     | Entered Level 10 of the Dungeon
 12464 | D:10     | Reached **** piety under Cheibriados
 12702 | D:10     | Found Diczookk's Antique Weapon Boutique.
 13170 | D:11     | Reached ***** piety under Cheibriados
 13447 | D:11     | You fall through a shaft!
 13475 | D:12     | Noticed a manticore
 13475 | D:12     | Noticed a cyclops
 13481 | D:12     | Killed a manticore
 13487 | D:12     | Noticed a deep elf mage
 13491 | D:12     | Killed a deep elf mage
 13508 | D:12     | Found a labyrinth entrance.
 13531 | Lab      | Entered a labyrinth
 15872 | Lab      | Noticed a minotaur
 15879 | Lab      | Killed a minotaur
 15884 | Lab      | Got an ancient brass ring
 15894 | Lab      | Identified a +3 rod of ignition (9/9) (You found it in a labyrinth)
 15896 | Lab      | Identified the ring "Xacvewoemm" {SustAt rElec Str+3 Int-5 Dex+3} (You found it in a labyrinth)
 16089 | D:11     | Noticed imoen's ghost (journeyman VSMo)
 16107 | D:11     | Killed imoen's ghost
 16107 | D:11     | Reached XP level 12. HP: 45/82 MP: 8/21
 16715 | D:11     | Learned a level 2 spell: Repel Missiles
 16732 | D:11     | Learned a level 2 spell: Blink
 16906 | D:11     | Reached skill level 1 in Charms
 16906 | D:11     | Reached skill level 1 in Air Magic
 17265 | D:12     | Found a staircase to the Orcish Mines.
 18789 | Lair:1   | Entered Level 1 of the Lair of Beasts
 18862 | Lair:1   | Reached skill level 1 in Translocations
 18880 | Lair:1   | Reached XP level 13. HP: 75/90 MP: 22/22
 19002 | D:9      | Learned a level 1 spell: Summon Butterflies
 19002 | D:9      | Bought a book of Frost for 490 gold pieces
 19006 | D:9      | Learned a level 3 spell: Ozocubu's Armour
 19134 | Lair:1   | Gained mutation: Scrolls take you a little longer to read. [potion of mutation]
 19134 | Lair:1   | Gained mutation: Your mind is acute. (Int +2) [potion of mutation]
 19134 | Lair:1   | Gained mutation: You are clumsy. (Dex -2) [potion of mutation]
 19346 | Lair:1   | Identified a scroll of acquirement
 19346 | Lair:1   | Got a scorched buckler
 19357 | Lair:1   | Identified the +0 buckler of Ofenlim {rC+ Stlth+} (You acquired it on level 1 of the Lair of Beasts)
 20086 | Lair:1   | Reached skill level 10 in Unarmed Combat
 20090 | Lair:1   | Got a warped glaive
 20102 | Lair:1   | Identified the +5 glaive "Badiesoru" {chop, Int+4 Stlth+} (You found it on level 1 of the Lair of Beasts)
 20652 | Lair:2   | Reached skill level 10 in Invocations
 21188 | Lair:3   | Reached ****** piety under Cheibriados
 21239 | Lair:3   | Noticed Nergalle
 21272 | Lair:3   | Reached skill level 10 in Fighting
 21379 | Lair:3   | Killed Nergalle
 21622 | Lair:3   | Found a hole to the Spider Nest.
 21861 | Lair:3   | Reached XP level 14. HP: 78/99 MP: 23/23
 23242 | Lair:5   | Found a staircase to the Shoals.
 23253 | Lair:5   | Reached skill level 10 in Dodging
 23299 | Lair:5   | Found a shadowy altar of Dithmenos.
 25170 | Lair:8   | Entered Level 8 of the Lair of Beasts
 25208 | Lair:8   | Identified the Disquisition on Unholy Confrontation
 25790 | Lair:8   | Found a staircase to the Slime Pits.
 25986 | Lair:8   | Reached XP level 15. HP: 52/107 MP: 24/25
 26585 | Lair:1   | Learned a level 6 spell: Statue Form
 26999 | D:13     | Noticed Urug
 27057 | D:13     | Reached skill level 1 in Earth Magic
 27279 | D:14     | Reached skill level 10 in Transmutations
 27287 | D:14     | Found a gate to the Vaults.
 27518 | D:14     | Found an opulent altar of Gozag.
 27780 | D:15     | Entered Level 15 of the Dungeon
 27812 | D:15     | Found Jiuzabij's Antique Armour Boutique.
 28015 | D:15     | HP: 5/107 [deep elf knight (8)]
 28370 | D:15     | Found a staircase to the Depths.
 28420 | D:15     | Found a sacrificial altar of Ru.
 28493 | D:15     | Reached skill level 5 in Earth Magic
 28532 | D:15     | Found Fetiugh's Antique Armour Shoppe.
 28548 | D:15     | Found Rakhuil's Weapon Emporium.
 28689 | D:15     | Found Eschesonn's Food Emporium.
 28726 | D:15     | Reached skill level 11 in Transmutations
 29130 | Orc:1    | Entered Level 1 of the Orcish Mines
 29130 | Orc:1    | Noticed Erolcha
 29136 | Orc:1    | Killed Erolcha
 29458 | Orc:1    | Reached XP level 16. HP: 113/113 MP: 20/28
 29663 | Orc:2    | Entered Level 2 of the Orcish Mines
 29820 | Orc:2    | Found Dukob Git's Weapon Shoppe.
 29839 | Orc:2    | Found Ycin's Gadget Emporium.
 29876 | Orc:2    | Found a roughly hewn altar of Beogh.
 30138 | Orc:2    | Reached skill level 12 in Transmutations
 30493 | Orc:2    | Found a staircase to the Elven Halls.
 30541 | Orc:2    | Paralysed by an orc sorcerer for 6 turns
 30607 | Orc:2    | Noticed Saint Roka
 30616 | Orc:2    | Killed Saint Roka
 30658 | Orc:2    | Found a roughly hewn altar of Beogh.
 30732 | Orc:2    | Found Egecoyxu's Antique Weapon Shoppe.
 30772 | Orc:2    | Found Jaseff's Assorted Antiques.
 31143 | Orc:2    | Bought a bronze ring for 125 gold pieces
 31721 | Spider:1 | Entered Level 1 of the Spider Nest
 31768 | Spider:1 | Found a frozen archway.
 31790 | IceCv    | Entered an ice cave
 32058 | IceCv    | Reached skill level 13 in Transmutations
 32346 | IceCv    | Noticed an Ice Fiend
 32361 | IceCv    | Killed an Ice Fiend
 32690 | IceCv    | Lost mutation: You are clumsy. (Dex -2) [potion of cure mutation]
 32690 | IceCv    | Lost mutation: Scrolls take you a little longer to read. [potion of cure mutation]
 32690 | IceCv    | Lost mutation: Your mind is acute. (Int +2) [potion of cure mutation]
 32888 | Spider:1 | Upgraded the game from 0.18.0-2-g198d6d4 to 0.18.1-1-g2f07953
 33397 | Spider:1 | Reached XP level 17. HP: 117/117 MP: 30/30
 33549 | Spider:1 | Reached skill level 10 in Spellcasting
 33603 | Spider:1 | Reached skill level 10 in Earth Magic
 34232 | Lair:1   | Learned a level 2 spell: Sticks to Snakes
 34431 | Spider:2 | Reached skill level 1 in Shields
 34587 | Spider:2 | Reached skill level 5 in Air Magic
 35012 | Spider:3 | Reached skill level 14 in Transmutations
 35745 | Spider:4 | Entered Level 4 of the Spider Nest
 35763 | Spider:4 | Got a bloodstained quarterstaff
 35764 | Spider:4 | Identified the +6 quarterstaff "Dubira" {venom, rPois rN+ MR+ Str+3} (You found it on level 4 of the Spider Nest)
 35867 | Spider:4 | Reached XP level 18. HP: 31/124 MP: 31/32
 35929 | Spider:4 | Mangled by a spark wasp

Skill      XL: |  1  2  3  4  5  6  7  8  9 10 11 12 13 14 15 16 17 |
---------------+----------------------------------------------------+-----
Transmutations | 3 4 5 7 8 9 11 13 14 | 14.4
Spellcasting   | 3 4 5 6 7 8 9 10 | 10.6
Fighting       | 2 4 6 7 8 10 11 | 11.5
Ice Magic      | 2 3 4 |  4.1
Unarmed Combat | 4 6 7 8 9 10 11 | 11.7
Invocations    | 2 5 7 9 10 11 | 11.9
Dodging        | 5 6 8 9 11 | 11.0
Charms         | 2 |  2.6
Air Magic      | 2 6 |  6.9
Translocations | 1 4 |  4.2
Earth Magic    | 6 9 11 | 11.3
Shields        | 4 |  4.2

Action                   |  1- 3 |  4- 6 |  7- 9 | 10-12 | 13-15 | 16-18 || total
-------------------------+-------+-------+-------+-------+-------+-------++-------
Melee: Unarmed           |    53 |   187 |   306 |   364 |   767 |   697 ||  2374
       Constrict         |    18 |    28 |    21 |    66 |    74 |   141 ||   348
       Tentacles         |     9 |    17 |    23 |   109 |   172 |   212 ||   542
       Kick              |     5 |    20 |     4 |       |       |       ||    29
       Punch             |       |     1 |     4 |    35 |    83 |   110 ||   233
       Dagger            |       |     8 |       |       |       |       ||     8
       Whip              |       |       |       |    22 |       |       ||    22
       Staff             |       |       |       |    18 |     3 |       ||    21
 Fire: Blowgun           |       |       |       |     4 |       |       ||     4
Throw: Javelin           |       |       |     8 |     1 |       |       ||     9
 Cast: Beastly Appendage |     5 |    17 |     2 |       |       |       ||    24
       Spider Form       |       |    16 |    16 |       |     1 |       ||    33
       Ice Form          |       |       |    13 |     3 |    15 |     2 ||    33
       Blade Hands       |       |       |     2 |    64 |    98 |     6 ||   170
       Repel Missiles    |       |       |       |     1 |     1 |     1 ||     3
       Ozocubu's Armour  |       |       |       |       |    36 |     1 ||    37
       Blink             |       |       |       |       |     2 |     4 ||     6
       Statue Form       |       |       |       |       |     5 |    53 ||    58
       Summon Butterflie |       |       |       |       |       |     3 ||     3
       Sticks to Snakes  |       |       |       |       |       |    18 ||    18
Invok: Temporal Distorti |       |       |       |     5 |    12 |     5 ||    22
       Slouch            |       |       |       |     5 |     6 |    14 ||    25
       Bend Time         |       |       |       |     5 |    13 |     4 ||    22
       Step From Time    |       |       |       |       |     1 |       ||     1
 Abil: End Transformatio |       |       |       |       |     7 |     1 ||     8
Evoke: Wand              |       |       |     1 |     8 |     1 |     8 ||    18
       Rod               |       |       |       |       |     1 |       ||     1
  Use: Scroll            |       |     9 |     1 |     9 |     8 |    15 ||    42
       Potion            |       |     5 |       |     2 |     4 |     5 ||    16
 Stab: Sleeping          |     1 |     9 |     5 |     4 |    18 |     9 ||    46
       Paralysed         |       |       |     8 |       |       |       ||     8
       Distracted        |       |       |     1 |     3 |     1 |     6 ||    11
  Eat: Chunk             |       |    13 |    16 |    14 |    34 |    11 ||    88
       Royal jelly       |       |     1 |       |       |     2 |       ||     3
       Beef jerky        |       |       |     1 |     3 |     4 |     5 ||    13
       Fruit             |       |       |       |     8 |       |     1 ||     9
       Pizza             |       |       |       |     2 |       |     1 ||     3
       Bread ration      |       |       |       |       |     1 |     1 ||     2
       Meat ration       |       |       |       |       |       |     2 ||     2
Armor: Skin              |     5 |    10 |    33 |    22 |    76 |   329 ||   475
Dodge: Dodged            |    38 |   124 |   222 |   316 |   812 |  1569 ||  3081
       Deflected         |       |       |       |       |     3 |     7 ||    10
Block: Buckler           |       |       |       |       |       |   157 ||   157
